 Dungeon Crawl Stone Soup version 0.31-a0-771-g505c3d19dc (webtiles) character file.

Game seed: 5130162931086268355

214 thriggle the Trooper (level 5, -6/42 HPs)
             Began as a Mummy Monk on Sept 17, 2023.
             Was a Priest of Trog.
             Mangled by an iguana (10 damage)
             ... on level 4 of the Dungeon.
             The game lasted 00:06:31 (2589 turns).

thriggle the Trooper (Mummy Monk)                   Turns: 2589, Time: 00:06:32

Health: -6/42      AC:  3    Str: 15    XL:     5   Next: 60%
Magic:  8/8        EV: 13    Int: 15    God:    Trog [***...]
Gold:   122        SH:  0    Dex: 16    Spells: 8/8 levels left

rFire   x .          .
                       - Unarmed
rCold   + . .        b - orb {light}
rNeg    + + +        a - +1 robe
rPois   ∞            (no helmet)
rElec   .            (no cloak)
rCorr   .            (no gloves)
SInv    .            (no boots)
Will    ++...        (no amulet)
Stlth   +            c - +6 ring of intelligence
HPRegen 1.27/turn    (no ring)
MPRegen 0.11/turn

%: faith
@: about to teleport, strong-willed, regenerating, glowing
A: cold resistance 1, negative energy resistance 3, torment resistance 2, heat
vulnerability 1, in touch with death 1, no potions, faith
a: Renounce Religion, Trog's Hand


You were on level 4 of the Dungeon.
You worshipped Trog.
Trog was most pleased with you.
You visited 1 branch of the dungeon, and saw 4 of its levels.

You collected 122 gold pieces.

Inventory:

Hand Weapons
 h - a +1 long sword
Missiles
 d - 4 poisoned darts
 j - 26 stones
 l - 4 boomerangs
Armour
 a - a +1 robe (worn)
 b - an orb of light (worn)
Jewellery
 c - a +6 ring of intelligence (left hand)
Wands
 e - a wand of flame (10)
Scrolls
 g - a scroll of enchant weapon
 i - 4 scrolls of vulnerability
 k - a scroll of revelation {unknown}


   Skills:
 * Level 3.8 Fighting
 + Level 0.4 Long Blades
 + Level 0.5 Throwing
 + Level 0.5 Armour
 * Level 3.2 Dodging
 + Level 1.4 Stealth
 + Level 3.0 Unarmed Combat
 - Level 2.3 Spellcasting
 + Level 0.6 Evocations


You had 8 spell levels left.
You didn't know any spells.
Your spell library was empty.

Dungeon Overview and Level Annotations

Branches:
Dungeon (4/15)
 Temple: D:4-7

Altars:
Dithmenos
Fedhas
Trog

Shops:
D:1 =


Innate Abilities, Weirdness & Mutations

You are immune to poison.
Your flesh is cold resistant. (rC+)
You are immune to negative energy. (rN+++)
You are immune to unholy pain and torment.
You are vulnerable to heat. (rF-)
You are in touch with the powers of death.
You do not drink.
You have a special connection with the divine. (Faith)


Message History

You hit the orc.
The orc is severely wounded.
The orc hits you with a +0 flail. The orc hits you but does no damage.
A ball python comes into view.
You hit the orc but do no damage.
The orc is severely wounded.
The orc hits you with a +0 flail. The orc hits you but does no damage.
The orc hits you with a +0 dagger.
You hit the orc.
The orc is severely wounded.
The orc closely misses you. The orc hits you with a +0 whip.
The orc hits you with a +0 dagger.
You barely miss the orc.
The orc is severely wounded.
The orc closely misses you. x3
You hit the orc.
You kill the orc!
Trog accepts your kill. The orc barely misses you.
The orc hits you with a +0 whip.
* * * LOW HITPOINT WARNING * * *
Your skin crawls.
You feel strong-willed. The orc hits you with a +0 flail.
* * * LOW HITPOINT WARNING * * *
The orc hits you with a +0 whip.
* * * LOW HITPOINT WARNING * * *
You hit the orc.
The orc is heavily wounded.
The orc hits you with a +0 flail!
* * * LOW HITPOINT WARNING * * *
As you read the scroll of teleportation, it crumbles to dust.
You feel strangely unstable. The ball python closely misses you.
The ball python barely misses you. The orc closely misses you.
The ball python bites you but does no damage.
The ball python closely misses you.
You hit the orc.
You kill the orc!
Trog accepts your kill. The iguana bites you!
You die... ... ... .. .# ##g# #go

#######l#######
#.....)@).....#
#.......S.....#
#.............#
#....♣♣♣♣♣....#
#.... ♣......#
#...
♣......######
+..♣
♣♣♣♣♣..'....#####
#..
♣......####)....#
#. ♣......#
#......


You could see an iguana, an orc, 2 hobgoblins and a ball python.

Vanquished Creatures
  A phantom (D:4)
  An orc wizard (D:4)
  4 adders
  3 dart slugs (D:2)
  6 orcs
  6 bats
  6 endoplasms
  A goblin (D:3)
  6 hobgoblins
  6 jackals
  6 quokkas
  11 ball pythons
  4 frilled lizards
  4 kobolds
  7 rats (D:1)
72 creatures vanquished.

Notes
Turn   | Place    | Note
-------+----------+-------------------------------------------
     0 | D:1      | thriggle the Mummy Monk began the quest for the Orb.
     0 | D:1      | Reached XP level 1. HP: 18/18 MP: 1/1
   309 | D:1      | Reached XP level 2. HP: 24/24 MP: 2/2
   310 | D:1      | Found Vykioma's Jewellery Shop.
   399 | D:1      | Reached skill level 1 in Spellcasting
   898 | D:2      | Reached XP level 3. HP: 29/29 MP: 5/5
  1398 | D:2      | Reached skill level 1 in Stealth
  1418 | D:2      | Reached XP level 4. HP: 35/35 MP: 7/7
  1699 | D:3      | Found a faded altar of an unknown god.
  1710 | D:3      | Prayed at the altar of an unknown god.
  1710 | D:3      | Became a worshipper of Trog the Wrathful
  1710 | D:3      | Reached * piety under Trog
  1710 | D:3      | Reached ** piety under Trog
  2151 | D:3      | Found a blossoming altar of Fedhas.
  2224 | D:3      | Reached *** piety under Trog
  2370 | D:3      | Found a shadowy altar of Dithmenos.
  2502 | D:4      | Noticed a phantom
  2521 | D:4      | Killed a phantom
  2522 | D:4      | Reached XP level 5. HP: 38/42 MP: 8/8
  2587 | D:4      | HP: 2/42 [orc/+0 flail (8)]
  2589 | D:4      | Mangled by an iguana

Illustrated notes

Levels and vault maps discovered:
D:1:      scummos_arrival_checkerplants, layout_loops_ring, serial_shops,
          shop_fountains, hangedman_decor_points
D:2:      layout_basic
D:3:      layout_loops_ring, lemuel_coloured_pillars_altar,
          nicolae_overflow_hidden_temple, chequers_ecumenical_altar_simple,
          grunt_decor_resistance
D:4:      layout_cave_pods, nicolae_overflow_two_pavilions,
          kennysheep_generic_room_16

Skill      XL: |  1  2  3  4 |
---------------+-------------+-----
Spellcasting   | 1 2 |  2.3
Stealth        | 1 |  1.4
Dodging        | 3 |  3.2
Unarmed Combat | 3 |  3.0
Fighting       | |  3.8
Long Blades    | |  0.4
Throwing       | |  0.5
Armour         | |  0.5
Evocations     | |  0.6

Action                     |  1- 3 |  4- 6 || total
---------------------------+-------+-------++-------
  Melee: Unarmed           |   144 |   127 ||   271
 Invoke: Trog's Hand       |       |     1 ||     1
    Use: Scroll            |     7 |     1 ||     8
 Armour: Robe              |    67 |    67 ||   134
  Dodge: Dodged            |    94 |    94 ||   188

Table legend: (Time is in decaauts)
 A = Elapsed time spent in this place.
 B = Non-inter-level travel time spent in this place.
 C = Inter-level travel time spent in this place.
 D = Time resting spent in this place.
 E = Time spent auto-exploring this place.
 F = Levels seen in this place.
 G = Mean time per level.
                   A        B        C        D        E       F      G
               +--------+--------+--------+--------+--------+-----+--------+
         Total |   2574 |   2519 |     55 |      4 |   1793 |   4 |  643.5 |
       Dungeon |   2574 |   2519 |     55 |      4 |   1793 |   4 |  643.5 |
               +--------+--------+--------+--------+--------+-----+--------+

Top non-repeatable levels by time:
     D:2: 840 daAuts
     D:3: 830 daAuts
     D:1: 782 daAuts
     D:4: 121 daAuts
